 Dungeon Crawl Stone Soup version 0.31-a0-455-g1a7b003ef0 (webtiles) character file.

Game seed: 12591280421704304981

230 jasper the Changeling (level 5, 0/52 (55) HPs)
             Began as a Demonspawn Shapeshifter on Aug 3, 2023.
             Was a Believer of Uskayaw.
             Slain by a wight
             ... wielding a +2 dire flail of protection
              (6 damage)
             ... on level 3 of the Dungeon.
             The game lasted 00:06:44 (2674 turns).

jasper the Changeling (Demonspawn Shapeshifter)     Turns: 2674, Time: 00:06:44

HP:   0/52 (55)     AC: 22    Str: 21    XL:     5   Next: 72%
MP:   5/5           EV:  2    Int:  9    God:    Uskayaw [**....]
Gold: 84            SH:  0    Dex: 16    Spells: 4/4 levels left

rFire   . .          .
                       - Unarmed
rCold   . . .        (no shield)
rNeg    . . .        s - melded +0 ring mail
rPois   +            (helmet currently unavailable)
rElec   .            (cloak currently unavailable)
rCorr   .            (gloves currently unavailable)
SInv    .            (boots currently unavailable)
Will    .....        (no amulet)
Stlth   +            o - +6 ring of strength
HPRegen 0.28/turn    (no ring)
MPRegen 0.09/turn

%: no passive effects
@: tree-form, drained
A: stationary, stasis, torment immunity, boosted hp, (molten scales 1), (demonic
touch 2)
a: Renounce Religion, Stomp, Line Pass


You were on level 3 of the Dungeon.
You worshipped Uskayaw.
Uskayaw was noncommittal.
You were a tree.
You visited 1 branch of the dungeon, and saw 3 of its levels.

You collected 84 gold pieces.

Inventory:

Missiles
 d - 14 stones (quivered)
Armour
 a - a +0 animal skin
 g - a +0 leather armour
 s - a +0 ring mail (melded)
Jewellery
 j - the amulet "Simuumenotu" {Will+ Regen+ Str-5 Int+4}
   (You found it on level 3 of the Dungeon)

   [amulet of regeneration]

   Str:       It affects your strength (-5).
   Int:       It affects your intelligence (+4).
   Regen:     It increases your rate of health regeneration.
   Will:      It increases your willpower.
 o - a +6 ring of strength (left branch)
Talismans
 c - a beast talisman
 l - a maw talisman
Scrolls
 e - a scroll of noise {unknown}
 h - a scroll of amnesia
 k - 2 scrolls of fog
 m - a scroll of immolation
Potions
 f - a potion of haste
 i - a potion of attraction
 p - 2 potions of curing
 q - a potion of brilliance {unknown}
 r - a potion of degeneration {unknown}


   Skills:
 - Level 1.0 Fighting
 - Level 2.0 Dodging
 - Level 4.0 Unarmed Combat
 + Level 4.4 Shapeshifting


You had 4 spell levels left.
You didn't know any spells.
Your spell library contained the following spells:

 Spells                   Type           Power      Damage    Failure   Level
 Scorch                   Fire           0%         2d5       52%         2
 Flame Wave               Conj/Fire      0%         2d4       99%         4
 Summon Cactus Giant      Summ           0%         N/A       100%        6


Dungeon Overview and Level Annotations

Branches:
Dungeon (3/15)

Altars:
Dithmenos
Hepliaklqana
Uskayaw


Innate Abilities, Weirdness & Mutations

You are a tree.
Your roots penetrate the ground, keeping you stationary.
You cannot be teleported.
You are immune to unholy pain and torment.
Your maximum health is greatly increased.
Your equipment is partially melded.
((You are partially covered in molten scales. (AC +2)))
((Your touch may inflict irresistible damage on your foes.))


Message History

The wight hits you but does no damage.
You can now pass through a line of other dancers.
You closely miss the wight.
The wight is almost destroyed.
The wight barely misses you.
You hit the wight but do no damage.
The wight is almost destroyed.
The wight hits you with a +4 short sword.
You feel drained.
You take 8 damage, and have 18/51 hp.
You smack the wight!
You destroy the wight!
Your life force feels restored.
You aren't carrying any items that you can evoke.
Unknown command.
Throw: 15 stones
Press: ? - help, Q - select action, (/) - cycle Shift-Dir - straight line, f - wight
Aim: a wight, wielding a +2 dire flail of protection and wearing a +0 robe (56% to hit)
You throw a stone.
The stone hits the wight but does no damage.
The wight completely misses you.
You barely miss the wight.
You smack the wight!
The wight is heavily damaged.
The wight hits you with a +2 dire flail of protection!
* * * LOW HITPOINT WARNING * * *
You take 11 damage, and have 8/55 hp.
You closely miss the wight.
The wight is heavily damaged.
The wight hits you with a +2 dire flail of protection.
* * * LOW HITPOINT WARNING * * *
You feel drained.
* * * LOW HITPOINT WARNING * * *
You take 7 damage, and have 1/52 hp.
It was a potion of curing.
You feel better. The wight completely misses you.
You regained 5 hp, and now have 6/52 hp.
You completely miss the wight.
The wight is heavily damaged.
The wight hits you with a +2 dire flail of protection.
You die...

..........##..###....#
####.# #..#..#...# #
#.# #.†###)##..# # #.#
#....#.# )#.(.#
####.####.###)##.## .##
......)†....#.[.#.#.#..
########†...#.###.) ..
#.....#.#.# .
#.##..#..♣#
#......###zz.!...
######..# ..#####
#......# ########


You could see 2 wights.

Vanquished Creatures
  2 wights (D:3)
  2 adders
  A white imp (D:3)
  2 worms (D:3)
  16 dart slugs
  An orc (D:3)
  4 endoplasms
  2 giant cockroaches (D:1)
  8 goblins
  5 hobgoblins
  A jackal (D:3)
  3 kobolds (D:2)
  A quokka (D:3)
  5 ball pythons
  8 bats
  2 frilled lizards
  6 rats
69 creatures vanquished.

Notes
Turn   | Place    | Note
-------+----------+-------------------------------------------
     0 | D:1      | jasper the Demonspawn Shapeshifter began the quest for the
                  | Orb.
     0 | D:1      | Reached XP level 1. HP: 15/15 MP: 1/1
    97 | D:1      | Gained mutation: You are partially covered in molten
                  | scales. (AC +2) [demonic ancestry]
    97 | D:1      | Reached XP level 2. HP: 7/21 MP: 2/2
  1250 | D:2      | Gained mutation: Your touch may inflict minor irresistible
                  | damage on your foes. [demonic ancestry]
  1250 | D:2      | Reached XP level 3. HP: 18/26 MP: 3/3
  1847 | D:3      | Found a hide-covered altar of Uskayaw.
  1850 | D:3      | Found a shadowy altar of Dithmenos.
  1852 | D:3      | Found a hazy altar of Hepliaklqana.
  1858 | D:3      | Became a worshipper of Uskayaw the Reveller
  1913 | D:3      | Reached * piety under Uskayaw
  1914 | D:3      | Gained mutation: Your touch may inflict irresistible damage
                  | on your foes. [demonic ancestry]
  1914 | D:3      | Reached XP level 4. HP: 18/32 MP: 4/4
  1918 | D:3      | Reached ** piety under Uskayaw
  2558 | D:3      | Reached XP level 5. HP: 18/37 MP: 5/5
  2559 | D:3      | Reached *** piety under Uskayaw
  2650 | D:3      | Identified the amulet "Simuumenotu" {Will+ Regen+ Str-5
                  | Int+4}
  2672 | D:3      | HP: 1/52 [wight/+2 dire flail of protection (2)]
  2674 | D:3      | Slain by a wight

Illustrated notes

Levels and vault maps discovered:
D:1:      psy_arrival_radial01, layout_basic, chequers_serial_rivers_micro_d
D:2:      layout_rooms, serial_rivers, chequers_serial_rivers_room_b,
          chequers_serial_rivers_marsh, chequers_serial_rivers_micro_d,
          chequers_serial_rivers_micro_b, kennysheep_potato
D:3:      kennysheep_slugbush, layout_loops_ring,
          chequers_temple_overflow_statue_of_worship, minmay_pentomino_pile

Skill      XL: |  1  2  3  4 |
---------------+-------------+-----
Dodging        | 2 |  2.0
Unarmed Combat | 3 4 |  4.0
Shapeshifting  | 3 4 |  4.4
Fighting       | |  1.0

Action                     |  1- 3 |  4- 6 || total
---------------------------+-------+-------++-------
  Melee: Unarmed           |    97 |    72 ||   169
         Punch             |     3 |       ||     3
         Touch             |     5 |     8 ||    13
  Throw: Stone             |       |     8 ||     8
    Use: Scroll            |     8 |       ||     8
         Potion            |       |     2 ||     2
   Stab: Sleeping          |     1 |       ||     1
 Armour: Animal skin       |     8 |       ||     8
         Leather armour    |    28 |       ||    28
         Ring mail         |     4 |    23 ||    27
         Skin              |       |     4 ||     4
  Dodge: Dodged            |    67 |    35 ||   102
   Form: Beast             |     1 |       ||     1
         Maw               |     1 |       ||     1

Table legend: (Time is in decaauts)
 A = Elapsed time spent in this place.
 B = Non-inter-level travel time spent in this place.
 C = Inter-level travel time spent in this place.
 D = Time resting spent in this place.
 E = Time spent auto-exploring this place.
 F = Levels seen in this place.
 G = Mean time per level.
                   A        B        C        D        E       F      G
               +--------+--------+--------+--------+--------+-----+--------+
         Total |   2693 |   2543 |    150 |    111 |   1805 |   3 |  897.7 |
       Dungeon |   2693 |   2543 |    150 |    111 |   1805 |   3 |  897.7 |
               +--------+--------+--------+--------+--------+-----+--------+

Top non-repeatable levels by time:
     D:1: 1174 daAuts
     D:3: 865 daAuts
     D:2: 654 daAuts
